 Dungeon Crawl Stone Soup version 0.30.1-4-g462c640d31 (webtiles) character file.

Game seed: 12638648462258274561

11132 Almogavar the Severer (level 11, -45/153 HPs)
             Began as a Hill Orc Fighter on Aug 24, 2023.
             Was an Elder of Makhleb.
             Killed from afar by Jorgrun (59 damage)
             ... with an iron shot
             ... on level 1 of the Orcish Mines.
             The game lasted 00:29:46 (9371 turns).

Almogavar the Severer (Hill Orc Fighter)            Turns: 9371, Time: 00:29:47

Health: -45/153    AC: 15    Str: 24    XL:     11   Next: 73%
Magic:  12/12      EV:  8    Int:  8    God:    Makhleb [****..]
Gold:   1235       SH:  5    Dex: 10    Spells: 10/10 levels left

rFire   . . .        a - +1 war axe (venom)
rCold   . . .        c - +0 buckler
rNeg    + . .        J - +0 chain mail
rPois   .            (no helmet)
rElec   .            r - +1 cloak
rCorr   .            (no gloves)
SInv    .            H - +0 pair of boots
Will    +....        g - amulet of regeneration Stlth
                     k - ring of willpower
HPRegen 1.25/turn    C - ring of positive energy
MPRegen 0.13/turn

%: no passive effects
@: berserking, marked, very quick
A: no striking features
a: Renounce Religion, Minor Destruction, Lesser Servant of Makhleb, Major
Destruction


You were on level 1 of the Orcish Mines.
You worshipped Makhleb.
Makhleb was greatly pleased with you.
You visited 2 branches of the dungeon, and saw 12 of its levels.
You also visited: Ossuary.

You collected 1305 gold pieces.
You spent 70 gold pieces at shops.

Inventory:

Hand Weapons
 a - a +1 war axe of venom (weapon)
 B - a +3 vampiric spear
Missiles
 I - 4 throwing nets (quivered)
Armour
 c - a +0 buckler (worn)
 n - an orb of light
 r - a +1 cloak (worn)
 w - +0 steam dragon scales
 H - a +0 pair of boots (worn)
 J - a +0 chain mail (worn)
Jewellery
 g - an amulet of regeneration (around neck)
 k - a ring of willpower (left hand)
 C - a ring of positive energy (right hand)
Wands
 d - a wand of polymorph (6)
 m - a wand of flame (36)
 v - a wand of roots (7)
 y - a wand of paralysis (9)
Scrolls
 f - 2 scrolls of brand weapon
 h - 4 scrolls of blinking
 j - 4 scrolls of teleportation
 p - a scroll of enchant weapon
 q - 2 scrolls of fog
 A - a scroll of amnesia
 D - a scroll of magic mapping
 F - a scroll of vulnerability {unknown}
 G - a scroll of poison {unknown}
Potions
 e - a potion of flight
 i - a potion of ambrosia
 l - 2 potions of berserk rage
 o - 2 potions of cancellation
 s - a potion of brilliance
 t - 4 potions of haste
 u - 5 potions of curing
 x - 3 potions of might
 z - 2 potions of lignification
 E - a potion of magic {unknown}


   Skills:
 + Level 11.0 Fighting
 - Level 16.3 Axes
 + Level 10.3 Armour
 - Level 0.1 Dodging
 - Level 5.0 Shields
 * Level 2.2 Invocations
 + Level 1.5 Evocations


You had 10 spell levels left.
You didn't know any spells.
Your spell library contained the following spells:

 Spells                   Type           Power      Damage    Failure   Level
 Apportation              Tloc           0%         N/A       91%         1
 Beastly Appendage        Tmut           0%         N/A       91%         1
 Necrotise                Necr           0%         1d4       91%         1
 Summon Small Mammal      Summ           0%         N/A       91%         1
 Blink                    Tloc           0%         N/A       97%         2
 Lesser Beckoning         Tloc           0%         N/A       97%         2
 Momentum Strike          Conj/Tloc      0%         3d8       97%         2
 Poisonous Vapours        Pois/Air       0%         N/A       97%         2
 Wereblood                Tmut           0%         N/A       97%         2
 Mephitic Cloud           Conj/Pois/Air  0%         N/A       100%        3
 Spider Form              Tmut/Pois      0%         N/A       100%        3
 Manifold Assault         Tloc           0%         N/A       100%        4
 Freezing Cloud           Conj/Ice/Air   0%         6-21      100%        5
 Storm Form               Tmut/Air       0%         N/A       100%        7


Dungeon Overview and Level Annotations

Branches:
Dungeon (10/15)            Temple (0/1) D:7            Lair (0/5) D:10
    Orc (2/2) D:9         Ossuary (visited)
    Elf: Orc:2

Altars:
Ashenzari
Dithmenos
Fedhas
Gozag
Hepliaklqana
Kikubaaqudgha
Makhleb
Sif Muna
Vehumet
Wu Jian
Xom
Zin
The Shining One
Beogh

Shops:
D:2 !   Orc:1 (

Annotations:
D:8 4 transporters
Orc:1 Jorgrun


Message History

You feel yourself moving faster!
You feel mighty! Jorgrun hits you with a staff of earth!
* * * LOW HITPOINT WARNING * * *
You hit Jorgrun.
Jorgrun is lightly wounded.
You closely miss Jorgrun.
Jorgrun is lightly wounded.
Jorgrun hits you but does no damage.
You slice Jorgrun!!
Jorgrun is poisoned.
Jorgrun is moderately wounded.
You barely miss Jorgrun.
Jorgrun is moderately wounded.
You closely miss Jorgrun.
Jorgrun is moderately wounded.
Jorgrun points at you and mumbles some strange words.
You resist with some effort.
You slice Jorgrun!!
Jorgrun looks as sick as possible!
Jorgrun is heavily wounded.
You barely miss Jorgrun.
Jorgrun is heavily wounded.
Jorgrun hits you but does no damage. Jorgrun shatters you.
* * * LOW HITPOINT WARNING * * *
You hit Jorgrun.
Jorgrun looks as sick as possible!
Jorgrun is heavily wounded.
You closely miss Jorgrun.
Jorgrun is heavily wounded.
Jorgrun barely misses you.
You hit Jorgrun.
Jorgrun looks as sick as possible!
Jorgrun is heavily wounded.
You closely miss Jorgrun.
Jorgrun is heavily wounded.
Jorgrun hits you with a staff of earth!
* * * LOW HITPOINT WARNING * * *
You hit Jorgrun.
Jorgrun looks as sick as possible!
Jorgrun is heavily wounded.
You closely miss Jorgrun.
Jorgrun is heavily wounded.
Jorgrun points at you and mumbles some strange words.
The iron shot hits you!!!
You die...

#...######...........##....
##..###.#......#......#.....
#....#...............[.∩..#.
######..###..........#..........
##.##.#....#................#....
#..........................#.#...
##.##............).[.............
#####............[...........#..
###..........@<[.......#...#.>
##.......#....g.)......#.....#.
#.....#......................#.
##.#####..............##.......
### ##............#####.....
###.#.#..#..## ###.## ###########
####


You could see Jorgrun (extremely poisoned).

Vanquished Creatures
  Harold (Orc:1)
  A two-headed ogre (D:10)
  2 orc knights
  An orc sorcerer (Orc:1)
  A komodo dragon (D:6)
  A troll (Orc:1)
  Prince Ribbit (D:5)
  10 yaks
  5 steam dragons
  11 orc warriors
  2 ice beasts
  2 sky beasts
  4 centaurs
  5 ogres
  Blork the orc (D:5)
  4 kobold brigands
  4 bullfrogs
  3 scorpions
  2 gnoll sergeants
  4 water moccasin zombies (Ossuary)
  3 wights (D:9)
  13 killer bees
  4 howler monkeys
  5 hounds
  2 jellies
  10 orc priests
  Crazy Yiuf (D:5)
  2 gnoll boudas (D:4)
  2 iguanas
  4 sleepcaps
  21 orc wizards
  2 mummies (Ossuary)
  18 gnolls
  12 adders
  3 white imps
  2 ufetubi
  6 adder zombies (Ossuary)
  A worm (D:2)
  3 dart slugs
  63 orcs
  6 bats
  7 endoplasms
  4 giant cockroaches
  8 goblins
  11 hobgoblins
  6 jackals
  14 kobolds
  4 quokkas
  10 ball pythons
  A frilled lizard (D:3)
  3 gnoll zombies (Ossuary)
  5 hobgoblin zombies (Ossuary)
  4 kobold zombies (Ossuary)
  2 orc zombies (Ossuary)
  3 rats
  A spectral goblin (D:8)
331 creatures vanquished.

Vanquished Creatures (others)
  A rat (D:3)
1 creature vanquished.

Grand Total: 332 creatures vanquished

Notes
Turn   | Place    | Note
-------+----------+-------------------------------------------
     0 | D:1      | Almogavar the Hill Orc Fighter began the quest for the Orb.
     0 | D:1      | Reached XP level 1. HP: 19/19 MP: 1/1
   182 | D:1      | Reached skill level 3 in Axes
   182 | D:1      | Reached XP level 2. HP: 27/27 MP: 2/2
   237 | D:1      | Found a faded altar of an unknown god.
   575 | D:2      | Found Kigul's Distillery.
   589 | D:2      | Bought a potion of heal wounds for 70 gold pieces
   618 | D:2      | Reached XP level 3. HP: 33/33 MP: 3/3
   740 | D:2      | Reached skill level 4 in Axes
  1053 | D:3      | Reached XP level 4. HP: 40/40 MP: 4/4
  1382 | D:3      | Found a shimmering altar of Xom.
  1396 | D:3      | Reached skill level 5 in Axes
  1396 | D:3      | Reached XP level 5. HP: 37/46 MP: 5/5
  1873 | D:4      | Reached skill level 6 in Axes
  1873 | D:4      | Reached XP level 6. HP: 16/53 MP: 6/6
  1920 | D:4      | Found an ancient bone altar of Kikubaaqudgha.
  2351 | D:4      | Found a shadowy altar of Dithmenos.
  2385 | D:4      | Reached skill level 7 in Axes
  2553 | D:4      | Reached XP level 7. HP: 60/60 MP: 7/7
  2574 | D:4      | Reached skill level 5 in Fighting
  2619 | D:5      | Entered Level 5 of the Dungeon
  2722 | D:5      | Found a blossoming altar of Fedhas.
  2730 | D:5      | Reached skill level 5 in Armour
  2810 | D:5      | Reached skill level 8 in Axes
  3033 | D:5      | Found a sand-covered staircase.
  3036 | D:5      | Noticed Prince Ribbit
  3039 | Ossuary  | Entered an ossuary
  3106 | Ossuary  | Reached XP level 8. HP: 70/70 MP: 8/8
  3140 | Ossuary  | Reached skill level 9 in Axes
  3271 | D:5      | Killed Prince Ribbit
  3272 | D:5      | Reached skill level 10 in Axes
  3358 | D:5      | Noticed Blork the orc
  3366 | D:5      | Killed Blork the orc
  3451 | D:5      | Found an ornate altar of the Wu Jian Council.
  3614 | D:5      | Found a runed translucent door.
  3615 | D:5      | Noticed Crazy Yiuf
  3775 | D:5      | Killed Crazy Yiuf
  3866 | D:6      | Found a burning altar of Makhleb.
  3870 | D:6      | Became a worshipper of Makhleb the Destroyer
  3952 | D:6      | Reached XP level 9. HP: 78/78 MP: 9/9
  4048 | D:6      | Reached skill level 11 in Axes
  4079 | D:6      | Noticed a komodo dragon
  4097 | D:6      | Killed a komodo dragon
  4098 | D:6      | Reached skill level 5 in Shields
  4170 | D:6      | Found a radiant altar of Vehumet.
  4337 | D:6      | Found a glowing silver altar of Zin.
  4337 | D:6      | Found a glowing golden altar of the Shining One.
  4470 | D:7      | Found an opulent altar of Gozag.
  4696 | D:7      | Reached * piety under Makhleb
  4822 | D:7      | Reached skill level 12 in Axes
  4882 | D:7      | Found a staircase to the Ecumenical Temple.
  5275 | D:8      | Found a transporter.
  5283 | D:8      | Found a transporter.
  5430 | D:8      | Reached ** piety under Makhleb
  5561 | D:8      | Reached skill level 13 in Axes
  5587 | D:8      | Reached XP level 10. HP: 79/88 MP: 10/10
  5667 | D:8      | Found a broken altar of Ashenzari.
  5758 | D:8      | Found a transporter.
  5759 | D:8      | Found a transporter.
  5834 | D:8      | Found a transporter.
  5842 | D:8      | Found a transporter.
  6117 | D:8      | Found a hazy altar of Hepliaklqana.
  6296 | D:8      | Reached skill level 14 in Axes
  6429 | D:9      | Found a shimmering blue altar of Sif Muna.
  6636 | D:9      | Found a staircase to the Orcish Mines.
  7100 | D:10     | Entered Level 10 of the Dungeon
  7138 | D:10     | Found a staircase to the Lair.
  7217 | D:10     | Reached *** piety under Makhleb
  7218 | D:10     | Reached skill level 15 in Axes
  7222 | D:10     | Reached XP level 11. HP: 97/97 MP: 11/11
  7879 | D:10     | Noticed a two-headed ogre
  7889 | D:10     | Killed a two-headed ogre
  8184 | Orc:1    | Entered Level 1 of the Orcish Mines
  8188 | Orc:1    | Found Jyplotiala's Weapon Shoppe.
  8219 | Orc:1    | Noticed an orc knight
  8292 | D:9      | Killed an orc knight
  8293 | D:9      | Reached skill level 10 in Fighting
  8542 | Orc:1    | Noticed Harold
  8559 | Orc:1    | Killed Harold
  8602 | Orc:1    | Reached skill level 1 in Evocations
  8622 | Orc:1    | Reached skill level 16 in Axes
  8719 | Orc:1    | Noticed an orc sorcerer
  8727 | Orc:1    | Noticed a soul eater
  8731 | Orc:1    | Killed an orc sorcerer
  8732 | Orc:1    | Reached skill level 10 in Armour
  8748 | Orc:1    | Found a runed translucent door.
  9112 | Orc:1    | Found a roughly hewn altar of Beogh.
  9181 | Orc:2    | Entered Level 2 of the Orcish Mines
  9193 | Orc:2    | Reached **** piety under Makhleb
  9211 | Orc:2    | Noticed an orc knight
  9234 | Orc:1    | Killed an orc knight
  9235 | Orc:1    | Reached skill level 1 in Invocations
  9346 | Orc:2    | Noticed Jorgrun
  9371 | Orc:1    | Killed from afar by Jorgrun

Illustrated notes

Levels and vault maps discovered:
D:1:      lightli_arrival_farm, layout_rooms,
          hellmonk_ecumenical_altar_leap_of_faith
D:2:      layout_basic, serial_shops, shop
D:3:      layout_basic, xom_confusion_cloud, hex_tiny
D:4:      layout_basic, kiku_gazebo_pond_becter, lemuel_doored_altar,
          kennysheep_small_square
D:5:      layout_loops_ring, fedhas_altar_fruit_tree, nzn_wu_jian_council_hall,
          nicolae_ossuary_entry_plus, dreamdust_gnoll_farm,
          uniq_crazy_yiuf_cottage, uniq_blork_the_orc, uniq_prince_ribbit1
D:6:      layout_cave_pools, gammafunk_temple_overflow_wave,
          vehumet_altar_wand_db, mainiacjoe_overflow_alcove_1
D:7:      layout_loops_ring, amcnicky_altar_gilded, minmay_temple_entry_poolview
D:8:      kennysheep_six_static_rooms, layout_basic,
          nicolae_hepliaklqana_monster_ancestors, cheibrodos_ashenzari_chains,
          serial_nicolae_subway, nicolae_sub_station_crystal,
          nicolae_sub_station_metal, nicolae_sub_station_stone
D:9:      layout_roguey, nicolae_sif_muna_condensation, david_orc_3
D:10:     layout_layer_cave, lair_entry_dummy, kennysheep_flooded_box,
          kennysheep_pointless_box
Orc:1:    layout_caves, serial_shops, shop, lightli_church_of_beogh, uniq_harold
Orc:2:    kennysheep_orc_mage_school, layout_caves, uniq_jorgrun

Skill      XL: |  1  2  3  4  5  6  7  8  9 10 11 |
---------------+----------------------------------+-----
Axes           | 3 4 5 6 7 8 10 13 15 16 | 16.3
Fighting       | 4 5 6 7 9 11 | 11.0
Armour         | 4 5 6 8 9 10 | 10.3
Shields        | 4 5 |  5.0
Evocations     | 1 |  1.5
Invocations    | 2 |  2.2
Dodging        | |  0.1

Action                     |  1- 3 |  4- 6 |  7- 9 | 10-12 || total
---------------------------+-------+-------+-------+-------++-------
  Melee: War axe           |   100 |   148 |   364 |   361 ||   973
  Evoke: Wand              |       |       |       |    15 ||    15
    Use: Scroll            |     2 |     3 |    13 |     3 ||    21
         Potion            |       |     2 |     1 |     1 ||     4
 Armour: Scale mail        |    64 |    61 |   150 |    73 ||   348
         Chain mail        |       |       |       |    81 ||    81
  Dodge: Dodged            |    51 |    89 |   144 |   142 ||   426
  Block: Buckler           |    23 |    39 |    62 |    77 ||   201
